cohdb
Replays
Latest Replays
All Replays
Popular Replays
Top Player Replays
Match Explorer
How It Works
Community
CoH3 Stats
Reddit
Sign in to upload your games and track your stats! →
Sign in with Steam
Match 28812015
Unlisted
Match 28812015
Overview
Messages
Build Orders
End
Selects Australian Defense Battlegroup
Selects Australian Light Infantry Section
Australian Light Infantry Section
Royal Engineer Section
Construct Section Command Post
Infantry Section
Construct Platoon Command Post
CMP 15cwt Truck
Infantry Section
Ruby
HulkSMASH
nwsemail
-Matsuda-
0
0
Comments
sign in to comment!
No comments posted yet!